 Dungeon Crawl Stone Soup version 0.28.0-53-g5a82cb258f (webtiles) character file.

Game seed: 2195982416984621761

82 safid the Chopper (level 4, 0/40 HPs)
             Began as a Hill Orc Fighter on July 20, 2022.
             Succumbed to a gnoll's poison
             ... on level 2 of the Dungeon on July 21, 2022.
             The game lasted 00:02:01 (1692 turns).

safid the Chopper (Hill Orc Fighter)                Turns: 1692, Time: 00:02:01

Health: 0/40       AC:  7    Str: 20    XL:     4   Next: 43%
Magic:  4/4        EV:  9    Int:  8    God:
Gold:   73         SH:  4    Dex: 10    Spells: 3/3 levels left

rFire   . . .      SeeInvis .   a - +0 war axe
rCold   . . .      Faith    .   c - +0 buckler
rNeg    . . .      Spirit   .   b - +0 scale mail
rPois   .          Reflect  .   (no helmet)
rElec   .          Harm     .   (no cloak)
rCorr   .          Rampage  .   (no gloves)
Will    .....                   (no boots)
Stlth   ..........              (no amulet)
HPRegen 0.13/turn               (no ring)
MPRegen 0.09/turn               (no ring)

@: lethally poisoned (0 -> -5)
A: no striking features
a: no special abilities


You were on level 2 of the Dungeon.
You visited 1 branch of the dungeon, and saw 2 of its levels.

You collected 73 gold pieces.

Inventory:

Hand Weapons
 a - a +0 war axe (weapon)
Armour
 b - a +0 scale mail (worn)
 c - a +0 buckler (worn)
Scrolls
 f - a scroll of teleportation {unknown}
 g - 2 scrolls of enchant weapon {unknown}
 h - a scroll of blinking {unknown}
 i - a scroll of noise {unknown}
 j - a scroll of enchant armour {unknown}
 k - a scroll of identify {unknown}
Potions
 d - a potion of might
 e - a potion of degeneration {unknown}


   Skills:
 - Level 4.0 Fighting
 + Level 4.3 Axes
 - Level 4.0 Armour
 - Level 4.0 Shields


You had 3 spell levels left.
You didn't know any spells.
Your spell library was empty.

Dungeon Overview and Level Annotations

Branches:
Dungeon (2/15)

Altars:


Message History

The gnoll hits you but does no damage. The gnoll barely misses you.
You hit the gnoll.
The gnoll is moderately wounded.
You closely miss the bat. The bat barely misses you.
The bat closely misses you. The gnoll closely misses you. The bat hits you.
The gnoll hits you from afar with a +1 halberd of venom.
You are poisoned.
You barely miss the gnoll.
The gnoll is moderately wounded.
You hit the kobold.
You kill the kobold!
You hit the bat. You closely miss the gnoll.
You feel sick. The bat hits you but does no damage.
The gnoll closely misses you.
The gnoll hits you from afar with a +1 halberd of venom!
You are lethally poisoned!
The gnoll closely misses you.
You feel very sick. The gnoll closely misses you.
The bat hits you but does no damage.
You see here a +1 short sword of venom.
You feel very sick. You block the bat's attack.
The gnoll hits you with a +0 flail.
* * * LOW HITPOINT WARNING * * *
You feel very sick. The bat hits you.
* * * LOW HITPOINT WARNING * * *
* * * LOW HITPOINT WARNING * * *
You feel very sick. The bat hits you but does no damage.
The gnoll throws a stone.
The stone hits you.
* * * LOW HITPOINT WARNING * * *
The bat barely misses you.
* * * LOW HITPOINT WARNING * * *
You feel sick. The bat hits you but does no damage.
Welcome back, safid the Hill Orc Fighter.
Press ? for a list of commands and other information.
There is a lethal amount of poison in your body!
* * * LOW HITPOINT WARNING * * *
You feel sick. The bat hits you but does no damage.
The gnoll throws a stone.
The stone closely misses you.
You die...

#.............##..###
#..............#.....
#.......)...##.##.###
.....................
........g.....#.#.#..
#########g...##.#...#..
#.........g##.##.##..#.#
#.######...[#.##.##..#.#
#.#....@.#b(...#.##..#.#
#.#.#....##....#. #..#.#
#.#g#.##.......# #.>#.#
#.#g#.###.#..### #.#g#.#
#.#.(# #.#b#.# #.#..#
#.#<#.# #.#..# #...#.#
#.#... #...#.# #.##.##


You could see 3 gnolls.

Vanquished Creatures
  2 adders (D:2)
  3 dart slugs (D:1)
  3 ball pythons
  7 bats
  An endoplasm (D:1)
  2 giant cockroaches
  6 goblins
  6 hobgoblins
  7 jackals (D:1)
  A quokka (D:1)
  3 frilled lizards (D:1)
  7 kobolds
  5 rats
53 creatures vanquished.

Vanquished Creatures (others)
  A quokka (D:1)
1 creature vanquished.

Grand Total: 54 creatures vanquished

Notes
Turn   | Place    | Note
-------+----------+-------------------------------------------
     0 | D:1      | safid the Hill Orc Fighter began the quest for the Orb.
     0 | D:1      | Reached XP level 1. HP: 19/19 MP: 1/1
   138 | D:1      | Reached XP level 2. HP: 26/27 MP: 2/2
   429 | D:1      | Reached XP level 3. HP: 33/33 MP: 3/3
  1425 | D:2      | Reached XP level 4. HP: 40/40 MP: 4/4
  1691 | D:2      | HP: 1/40 [poisoned by a gnoll]
  1692 | D:2      | Succumbed to a gnoll's poison

Illustrated notes

Levels and vault maps discovered:
D:1:      dpeg_arrival_tiny_h, layout_basic, minmay_cut_off
D:2:      layout_basic, minmay_tromino_v2

Skill      XL: |  1  2  3  4 |
---------------+-------------+-----
Axes           | 3 4 |  4.3
Fighting       | 4 |  4.0
Armour         | 4 |  4.0
Shields        | 4 |  4.0

Action                   |  1- 3 |  4- 6 || total
-------------------------+-------+-------++-------
Melee: War axe           |   133 |    27 ||   160
Armor: Scale mail        |    97 |    30 ||   127
Dodge: Dodged            |    81 |    29 ||   110
Block: Buckler           |    42 |     7 ||    49
